 Dungeon Crawl Stone Soup version 0.29.1-15-g9cfb28693d (webtiles) character file.

Game seed: 10065465481421539856

287 Anriel the Shooter (level 6, -6/38 HPs)
             Began as a Tengu Hunter on Mar 7, 2023.
             Killed by divine providence
             ... invoked by an orc priest
              (12 damage)
             ... on level 3 of the Dungeon.
             The game lasted 00:18:42 (2244 turns).

Anriel the Shooter (Tengu Hunter)                   Turns: 2244, Time: 00:18:42

Health: -6/38      AC: 10    Str: 11    XL:     6   Next: 30%
Magic:  7/7        EV: 14    Int: 10    God:
Gold:   141        SH:  0    Dex: 19    Spells: 5/5 levels left

rFire   . . .      SeeInvis .   a - +0 shortbow
rCold   . . .      Faith    .   (shield currently unavailable)
rNeg    . . .      Spirit   .   e - +4 ring mail
rPois   .          Reflect  .   (helmet restricted)
rElec   .          Harm     .   (no cloak)
rCorr   .          Rampage  .   d - +0 pair of gloves
Will    .....                   (boots unavailable)
Stlth   ++........              f - amulet of the acrobat
HPRegen 0.12/turn               (no ring)
MPRegen 0.10/turn               (no ring)

@: flying quickly and evasively, quick
A: beak, talons 3, nimble flight
a: no special abilities


You were on level 3 of the Dungeon.
You visited 1 branch of the dungeon, and saw 3 of its levels.

You collected 141 gold pieces.

Inventory:

Hand Weapons
 a - a +0 shortbow (weapon)
Armour
 c - a +1 leather armour
 d - a +0 pair of gloves (worn)
 e - a +4 ring mail (worn)
Jewellery
 f - an amulet of the acrobat (around neck)
 m - a ring of ice
Scrolls
 b - a scroll of immolation
 g - a scroll of fear
 l - a scroll of vulnerability {unknown}
Potions
 h - a potion of brilliance {unknown}
 i - a potion of haste
 j - a potion of curing {unknown}
 k - a potion of lignification {unknown}


   Skills:
 - Level 4.0 Fighting
 + Level 5.0 Ranged Weapons
 + Level 3.0 Armour
 + Level 3.0 Dodging
 - Level 3.0 Stealth


You had 5 spell levels left.
You didn't know any spells.
Your spell library was empty.

Dungeon Overview and Level Annotations

Branches:
Dungeon (3/15)

Altars:
Wu Jian


Innate Abilities, Weirdness & Mutations

You have a beak for a mouth.
You have claws for feet.
Your magical nature lets you fly swiftly and evasively.


Message History

You start resting.
An orc priest is nearby!
Fire: a) +0 shortbow
Press: ? - help, Q - select action Shift-Dir - straight line, f - orc priest
Aim: an orc priest, wielding a +0 morningstar and wearing a +0 chain mail (wandering, hasn't noticed you, 72% to hit)
You shoot an arrow.
The arrow closely misses the orc priest.
The orc priest shouts!
Fire: a) +0 shortbow
Press: ? - help, Q - select action Shift-Dir - straight line, f/p - orc priest
Aim: an orc priest, wielding a +0 morningstar and wearing a +0 chain mail (72% to hit)
You shoot an arrow. The arrow barely misses the orc priest.
Fire: a) +0 shortbow
Press: ? - help, Q - select action Shift-Dir - straight line, f/p - orc priest
Aim: an orc priest, wielding a +0 morningstar and wearing a +0 chain mail (72% to hit)
You shoot an arrow.
The arrow hits the orc priest but does no damage.
The orc priest invokes the aid of Beogh against you.
Pain shoots through your body!
Fire: a) +0 shortbow
Press: ? - help, Q - select action Shift-Dir - straight line, f/p - orc priest
Aim: an orc priest, wielding a +0 morningstar and wearing a +0 chain mail (72% to hit)
You shoot an arrow. The arrow barely misses the orc priest.
Fire: a) +0 shortbow
Press: ? - help, Q - select action Shift-Dir - straight line, f/p - orc priest
Aim: an orc priest, wielding a +0 morningstar and wearing a +0 chain mail (72% to hit)
You shoot an arrow. The arrow hits the orc priest!
The orc priest is heavily wounded.
The orc priest mumbles some strange prayers to Beogh against you.
Beogh smites you!
* * * LOW HITPOINT WARNING * * *
Fire: a) +0 shortbow
Press: ? - help, Q - select action Shift-Dir - straight line, f/p - orc priest
Aim: an orc priest, wielding a +0 morningstar and wearing a +0 chain mail (heavily wounded, 72% to hit)
You shoot an arrow.
The arrow hits the orc priest but does no damage.
The orc priest is heavily wounded.
The orc priest invokes the aid of Beogh against you.
Beogh smites you!
You die...

........###)###'###'###.......#
........#..#.......#..#........
........#..#.......#..#........
........'..'###'###+..'.######.
........#..#.').)†.#..###....#.
........#..#.#...#.#..###......
........'##'.#._.#.+##).'......
........#..#.#...#.#.)##.......
........#..#o)@..'.#..#..###...
........'.))###'###'..).## .
.......)#..#.......#..###
........#..#.......#..#
........###'###'###'#####
........................#
.......... .............#
......... ..............#
.)........ ............#+#


You could see an orc priest.

Vanquished Creatures
  3 orc priests (D:3)
  2 orc wizards (D:3)
  4 gnolls (D:3)
  4 adders (D:3)
  A worm (D:2)
  3 dart slugs
  11 orcs (D:3)
  7 bats
  4 endoplasms
  3 giant cockroaches
  2 goblins
  A hobgoblin (D:3)
  7 kobolds
  2 quokkas
  6 ball pythons
  5 frilled lizards
  10 rats
75 creatures vanquished.

Notes
Turn   | Place    | Note
-------+----------+-------------------------------------------
     0 | D:1      | Anriel the Tengu Hunter began the quest for the Orb.
     0 | D:1      | Reached XP level 1. HP: 12/12 MP: 2/2
   156 | D:1      | Reached XP level 2. HP: 17/17 MP: 3/3
   524 | D:1      | Found a faded altar of an unknown god.
   739 | D:2      | Reached XP level 3. HP: 22/22 MP: 4/4
  1229 | D:3      | Reached skill level 5 in Ranged Weapons
  1229 | D:3      | Reached XP level 4. HP: 15/27 MP: 5/5
  1395 | D:3      | Reached skill level 1 in Armour
  1624 | D:3      | Gained mutation: Your magical nature lets you fly swiftly
                  | and evasively. [Tengu growth]
  1624 | D:3      | Reached XP level 5. HP: 20/32 MP: 6/6
  1795 | D:3      | Found an ornate altar of the Wu Jian Council.
  2194 | D:3      | Reached XP level 6. HP: 38/38 MP: 7/7
  2244 | D:3      | Killed from afar by an orc priest

Illustrated notes

Levels and vault maps discovered:
D:1:      saegor_arrival_miasma, layout_rooms, dreamdust_ecumenical_altar_grove,
          serial_corexii_hall, chequers_hall_statues_corner_a,
          chequers_hall_statues_wall_a
D:2:      layout_rooms
D:3:      layout_basic, mainiacjoe_overflow_24_doors

Skill      XL: |  1  2  3  4  5  6 |
---------------+-------------------+-----
Dodging        | 3 |  3.0
Ranged Weapons | 5 |  5.0
Fighting       | 3 4 |  4.0
Armour         | 1 2 3 |  3.0
Stealth        | 2 3 |  3.0

Action                   |  1- 3 |  4- 6 || total
-------------------------+-------+-------++-------
Melee: Unarmed           |       |    14 ||    14
       Kick              |       |     4 ||     4
       Peck              |       |     1 ||     1
 Fire: Shortbow          |   108 |   109 ||   217
  Use: Scroll            |     7 |     1 ||     8
Armor: Leather armour    |    19 |       ||    19
       Ring mail         |     6 |    46 ||    52
Dodge: Dodged            |    43 |    69 ||   112
